[Event "Kragero Resort B 2020"]
[Site "Kragero"]
[Date "2020.02.19"]
[Round "1.1"]
[White "Sivertsen, Jarle"]
[Black "Omtvedt, Per"]
[Result "1-0"]
[ECO "D35"]
[WhiteElo "1606"]
[BlackElo "1894"]
[Annotator "NA"]
[PlyCount "103"]
[EventDate "2020.02.19"]
[EventType "swiss"]
[EventCountry "NOR"]
[SourceTitle "playchess.com"]
[Source "ChessBase"]
[SourceQuality "1"]
[TimeControl "5400+30"]

1. d4 Nf6 2. c4 e6 3. Nc3 d5 4. cxd5 exd5 5. Nf3 c6 6. Bg5 Be7 7. e3 Bf5 8. a3 a5 9. Qb3 Ra7 10. Ne5 O-O 11. Be2 Nfd7 12. Bxe7 Qxe7 13. Nd3 b5 14. O-O Na6 15. Rfc1 a4 16. Qd1 Bxd3 17. Bxd3 Nb6 18. b4 axb3 19. Qxb3 Nc7 20. e4 Rfa8 21. exd5 Rxa3 22. Rxa3 Rxa3 23. Qb1 b4 24. Re1 Qd6 25. Bxh7+ Kh8 26. Ne4 Qxd5 27. h4 Rb3 28. Qc2 Qc4 29. Qd1 g6 30. Ng5 Kg7 31. Re7 Rd3 32. Qe2 Qxd4 33. Rxf7+ Kh6 34. Bg8 Rd1+ 35. Kh2 Qxh4+ 36. Nh3 Rd7 37. Qd2+ g5 38. Rxd7 Nxd7 39. Qxd7 Qe4 40. Qxc7 g4 41. Qd6+ Kg7 42. Ng5 Qf5 43. Be6 Qxg5 44. Kg3 Qf6 45. Qd7+ Kh6 46. Bxg4 b3 47. Qf5 Qd6+ 48. Qf4+ Qxf4+ 49. Kxf4 Kg6 50. Bd1 b2 51. Bc2+ Kf6 52. Ke4 1-0

[Event "Kragero Resort B 2020"]
[Site "Kragero"]
[Date "2020.02.19"]
[Round "1.2"]
[White "Opseth, Oliver"]
[Black "Heitun, Odd Gunnar"]
[Result "1/2-1/2"]
[ECO "C52"]
[WhiteElo "1894"]
[BlackElo "1599"]
[Annotator "NA"]
[PlyCount "58"]
[EventDate "2020.02.19"]
[EventType "swiss"]
[EventCountry "NOR"]
[SourceTitle "playchess.com"]
[Source "ChessBase"]
[SourceQuality "1"]
[TimeControl "5400+30"]

1. e4 e5 2. Nf3 Nc6 3. Bc4 Bc5 4. b4 Bxb4 5. c3 Ba5 6. d4 exd4 7. O-O d6 8. Qb3 Be6 9. Bxe6 fxe6 10. Bg5 Qd7 11. cxd4 Bb6 12. d5 exd5 13. exd5 Nce7 14. a4 a5 15. Bxe7 Nxe7 16. Ng5 O-O 17. Nc3 Rf5 18. Ne6 Ng6 19. Rac1 Nf4 20. Nxf4 Rxf4 21. Kh1 Raf8 22. f3 Be3 23. Rce1 Bd2 24. Re6 Bxc3 25. Qxc3 b6 26. Rfe1 R4f7 27. Qc4 g6 28. h3 Qd8 29. Qc6 Qd7 1/2-1/2

[Event "Kragero Resort B 2020"]
[Site "Kragero"]
[Date "2020.02.19"]
[Round "1.3"]
[White "Haugen, Lars Tormod"]
[Black "Aasen, Kjetil Myrlid"]
[Result "1/2-1/2"]
[ECO "A16"]
[WhiteElo "1598"]
[BlackElo "1892"]
[Annotator "NA"]
[PlyCount "61"]
[EventDate "2020.02.19"]
[EventType "swiss"]
[EventCountry "NOR"]
[SourceTitle "playchess.com"]
[Source "ChessBase"]
[SourceQuality "1"]
[TimeControl "5400+30"]

1. c4 Nf6 2. Nc3 g6 3. Nf3 Bg7 4. g3 d5 5. cxd5 Nxd5 6. Bg2 O-O 7. O-O c6 8. e4 Nxc3 9. bxc3 Bg4 10. h3 Bxf3 11. Qxf3 Nd7 12. d4 Nb6 13. Rb1 Qc7 14. Qe2 e5 15. Be3 Rad8 16. Rfd1 Rd7 17. d5 cxd5 18. exd5 Na4 19. d6 Rxd6 20. Rxb7 Nxc3 21. Qf1 Rxd1 22. Rxc7 Rxf1+ 23. Kxf1 Nxa2 24. Bd5 Nb4 25. Bb3 Nd3 26. Rxa7 e4 27. Ke2 Ne5 28. Bd5 Re8 29. Bd4 Rd8 30. Bxe5 Bxe5 31. Bxf7+ 1/2-1/2

[Event "Kragero Resort B 2020"]
[Site "Kragero"]
[Date "2020.02.19"]
[Round "1.4"]
[White "Olsen, William Alexander"]
[Black "Stromhaug, Kristoffer Wang"]
[Result "1-0"]
[ECO "B31"]
[WhiteElo "1862"]
[BlackElo "1597"]
[Annotator "NA"]
[PlyCount "73"]
[EventDate "2020.02.19"]
[EventType "swiss"]
[EventCountry "NOR"]
[SourceTitle "playchess.com"]
[Source "ChessBase"]
[SourceQuality "1"]
[TimeControl "5400+30"]

1. e4 c5 2. Nf3 Nc6 3. Bb5 g6 4. Bxc6 bxc6 5. d3 Bg7 6. O-O Qc7 7. Nc3 Rb8 8. Qe1 e5 9. Na4 d6 10. Nh4 Rb4 11. b3 Ne7 12. Rb1 Be6 13. f4 f5 14. Bb2 O-O 15. fxe5 dxe5 16. Nxc5 Qb6 17. d4 Bc8 18. c3 Rb5 19. c4 Ra5 20. Na4 Rxa4 21. bxa4 exd4 22. Ba3 Qd8 23. exf5 Re8 24. f6 Nf5 25. Qf2 Bxf6 26. Nxf5 Bxf5 27. Rbe1 Bg5 28. Rxe8+ Qxe8 29. Bc1 Bxc1 30. Rxc1 Qe3 31. Qxe3 dxe3 32. Re1 Bd3 33. Rxe3 Bxc4 34. Re7 a6 35. Rc7 Bd5 36. g4 a5 37. a3 1-0

[Event "Kragero Resort B 2020"]
[Site "Kragero"]
[Date "2020.02.19"]
[Round "1.5"]
[White "Kveim, Ingvar Torjesen"]
[Black "Halvorsen, Benjamin"]
[Result "1-0"]
[ECO "B01"]
[WhiteElo "1584"]
[BlackElo "1861"]
[Annotator "NA"]
[PlyCount "111"]
[EventDate "2020.02.19"]
[EventType "swiss"]
[EventCountry "NOR"]
[SourceTitle "playchess.com"]
[Source "ChessBase"]
[SourceQuality "1"]
[TimeControl "5400+30"]

1. e4 d5 2. exd5 Qxd5 3. Nc3 Qa5 4. Bc4 Nf6 5. d3 c6 6. Bd2 Qc7 7. Nf3 Bg4 8. h3 Bh5 9. O-O e6 10. Re1 Bd6 11. a3 O-O 12. Ne4 Nxe4 13. Rxe4 Nd7 14. Bc3 Ne5 15. Bxe5 Bxe5 16. g4 Bxb2 17. gxh5 Bxa1 18. Qxa1 Rae8 19. h6 f5 20. Bxe6+ Kh8 21. Bxf5 Rxe4 22. hxg7+ Qxg7+ 23. Qxg7+ Kxg7 24. Bxe4 Kf6 25. Kf1 h6 26. Ke2 Ke6 27. Ke3 Kd6 28. Nd4 Rg8 29. Nf5+ Kc5 30. Kd2 Kb5 31. Kc3 h5 32. Nd6+ Kb6 33. Nf5 a5 34. Ng3 Rg5 35. Bf3 h4 36. Ne4 Rb5 37. Bg4 Rb1 38. f4 Kc7 39. f5 Kd7 40. f6+ Ke8 41. Bh5+ Kf8 42. f7 Rf1 43. Nc5 Ke7 44. Nxb7 Rf5 45. Bg4 Rxf7 46. Nxa5 Kd6 47. Nc4+ Kd5 48. a4 Kc5 49. a5 Ra7 50. d4+ Kb5 51. Be2 Rg7 52. Bg4 Ra7 53. Kd3 Re7 54. Ne5 Ra7 55. c4+ Ka6 56. Bc8+ 1-0

[Event "Kragero Resort B 2020"]
[Site "Kragero"]
[Date "2020.02.19"]
[Round "1.6"]
[White "Hausken, Andreas Skrede"]
[Black "Frovik, Einar Clausen"]
[Result "0-1"]
[ECO "B51"]
[WhiteElo "1856"]
[BlackElo "1563"]
[Annotator "NA"]
[PlyCount "54"]
[EventDate "2020.02.19"]
[EventType "swiss"]
[EventCountry "NOR"]
[SourceTitle "playchess.com"]
[Source "ChessBase"]
[SourceQuality "1"]
[TimeControl "5400+30"]

1. e4 c5 2. Nf3 d6 3. Bb5+ Nc6 4. O-O Nf6 5. Qe2 Bd7 6. c3 g6 7. Rd1 Bg7 8. d4 cxd4 9. cxd4 O-O 10. Nc3 a6 11. Bd3 Bg4 12. Be3 Qa5 13. h3 Bxf3 14. Qxf3 Qb4 15. Ne2 Ne8 16. a3 Qb3 17. h4 Nc7 18. Rac1 Ne6 19. Rc3 Qxd1+ 20. Kh2 Ncxd4 21. Nxd4 Qxf3 22. Nxf3 Bxc3 23. bxc3 Rfc8 24. c4 Nc5 25. Bc2 b5 26. cxb5 axb5 27. h5 Rxa3 0-1

[Event "Kragero Resort B 2020"]
[Site "Kragero"]
[Date "2020.02.19"]
[Round "1.7"]
[White "Gudmundsson, Thordur"]
[Black "Skaslien, Ingrid"]
[Result "0-1"]
[ECO "C03"]
[WhiteElo "1553"]
[BlackElo "1847"]
[Annotator "NA"]
[PlyCount "120"]
[EventDate "2020.02.19"]
[EventType "swiss"]
[EventCountry "NOR"]
[SourceTitle "playchess.com"]
[Source "ChessBase"]
[SourceQuality "1"]
[TimeControl "5400+30"]

1. e4 e6 2. d4 d5 3. Nd2 a6 4. e5 c5 5. c3 Nc6 6. Ndf3 cxd4 7. cxd4 Bd7 8. Bd3 Rc8 9. Ne2 Bb4+ 10. Bd2 Qb6 11. O-O Nge7 12. a3 Bxd2 13. Qxd2 Na5 14. Qg5 Ng6 15. b4 Nc4 16. Rfc1 O-O 17. Ng3 Ba4 18. h4 Nb2 19. Bf1 h6 20. Qg4 Rxc1 21. Rxc1 Bd1 22. Rb1 Bxf3 23. gxf3 Nc4 24. Bd3 Ncxe5 25. dxe5 Nxe5 26. Qf4 Nxd3 27. Qd2 Ne5 28. Kg2 Rc8 29. f4 Ng4 30. Qe2 Nf6 31. f5 Rc4 32. Kh3 Ne4 33. fxe6 Qxe6+ 34. Kg2 Qg6 35. Rb3 Nxg3 36. Rxg3 Qe4+ 37. Qxe4 Rxe4 38. Rd3 d4 39. Kg3 Kf8 40. f3 Re3 41. Rxd4 Rxa3 42. Kf4 Ke7 43. Ke4 Ke6 44. Kf4 Rc3 45. Re4+ Kd6 46. Rd4+ Kc6 47. Re4 Kb6 48. Re7 Rc7 49. Re4 Rc6 50. Re7 Rf6+ 51. Kg4 Kc6 52. Re5 b5 53. f4 Kd6 54. Rc5 Re6 55. Rf5 Ke7 56. Rc5 g6 57. h5 Kf6 58. hxg6 fxg6 59. f5 Re4+ 60. Kf3 gxf5 0-1

[Event "Kragero Resort B 2020"]
[Site "Kragero"]
[Date "2020.02.19"]
[Round "1.8"]
[White "Leonhardsen, Vebjorn Maanum"]
[Black "Hammari, Vinjar"]
[Result "1-0"]
[ECO "D36"]
[WhiteElo "1845"]
[BlackElo "1547"]
[Annotator "NA"]
[PlyCount "73"]
[EventDate "2020.02.19"]
[EventType "swiss"]
[EventCountry "NOR"]
[SourceTitle "playchess.com"]
[Source "ChessBase"]
[SourceQuality "1"]
[TimeControl "5400+30"]

1. d4 Nf6 2. c4 d5 3. Nc3 e6 4. Bg5 Be7 5. e3 O-O 6. Nf3 c6 7. Qc2 Nbd7 8. cxd5 exd5 9. Bd3 h6 10. Bh4 Re8 11. O-O Ne4 12. Bxe7 Qxe7 13. Rab1 Ndf6 14. Ne5 Bf5 15. b4 Rac8 16. Na4 b5 17. Nc5 a5 18. bxa5 Nd7 19. Nexd7 Bxd7 20. Bxe4 dxe4 21. Nxd7 Qxd7 22. a4 Qa7 23. axb5 cxb5 24. Qa2 Qa6 25. Rfc1 Ra8 26. Ra1 Re7 27. h3 Rea7 28. Qd5 Qb7 29. Qxb7 Rxb7 30. a6 Rbb8 31. Rc7 f5 32. Rb7 Kh7 33. Rb1 Rf8 34. a7 Kg6 35. R1xb5 Rf6 36. R5b6 Kg5 37. Rxg7+ 1-0

[Event "Kragero Resort B 2020"]
[Site "Kragero"]
[Date "2020.02.19"]
[Round "1.9"]
[White "Lie, Terje"]
[Black "Seo, Jung Hyun"]
[Result "0-1"]
[ECO "D37"]
[WhiteElo "1540"]
[BlackElo "1816"]
[Annotator "NA"]
[PlyCount "106"]
[EventDate "2020.02.19"]
[EventType "swiss"]
[EventCountry "NOR"]
[SourceTitle "playchess.com"]
[Source "ChessBase"]
[SourceQuality "1"]
[TimeControl "5400+30"]

1. d4 d5 2. c4 e6 3. Nf3 Nf6 4. Nc3 Be7 5. e3 O-O 6. Qc2 Nbd7 7. cxd5 exd5 8. Be2 c6 9. O-O Re8 10. a3 a5 11. a4 Nf8 12. Ne5 Ng6 13. Nxg6 hxg6 14. Bf3 Bf5 15. Qd1 Bd6 16. h3 Kh7 17. b3 Qe7 18. g4 Be4 19. Kg2 Rh8 20. Rh1 Kg8 21. Bb2 Ra6 22. Nxe4 Nxe4 23. Qc2 Ng5 24. Rab1 Nxf3 25. Kxf3 Ra8 26. e4 dxe4+ 27. Qxe4 Qxe4+ 28. Kxe4 Re8+ 29. Kf3 Bb4 30. Rbd1 Rd8 31. Rd3 f6 32. Kf4 Kf7 33. Kf3 Rd5 34. h4 Be7 35. Kg3 Bd6+ 36. f4 g5 37. Bc1 gxf4+ 38. Bxf4 Bxf4+ 39. Kxf4 g5+ 40. Kg3 gxh4+ 41. Kh3 c5 42. Rhd1 Rhd8 43. Kxh4 Rxd4 44. Rxd4 Rxd4 45. Rxd4 cxd4 46. Kg3 Ke6 47. Kf4 Kd5 48. Kf3 Ke5 49. Kf2 Ke4 50. Ke2 d3+ 51. Kd2 Kd4 52. Kd1 Kc3 53. Kc1 b6 0-1

[Event "Kragero Resort B 2020"]
[Site "Kragero"]
[Date "2020.02.19"]
[Round "1.10"]
[White "Westrum, Kim Roger Hansen"]
[Black "Gronn, Embla Ekeland"]
[Result "1-0"]
[ECO "B11"]
[WhiteElo "1809"]
[BlackElo "1513"]
[Annotator "NA"]
[PlyCount "71"]
[EventDate "2020.02.19"]
[EventType "swiss"]
[EventCountry "NOR"]
[SourceTitle "playchess.com"]
[Source "ChessBase"]
[SourceQuality "1"]
[TimeControl "5400+30"]

1. e4 c6 2. Nf3 d5 3. Nc3 Bg4 4. h3 Bxf3 5. Qxf3 e6 6. d4 Bb4 7. exd5 cxd5 8. a3 Ba5 9. Qg3 Qf6 10. b4 Bb6 11. Nb5 Nc6 12. Bg5 Qg6 13. Bd3 f5 14. c3 h6 15. Bf4 Qxg3 16. Bxg3 Nd8 17. a4 a6 18. Bc7 Ba7 19. Nxa7 Rxa7 20. O-O Nf6 21. a5 Ra8 22. b5 O-O 23. bxa6 bxa6 24. Rfc1 Rf7 25. Bxd8 Rxd8 26. Bxa6 Ra7 27. Bd3 Rb8 28. a6 Ne4 29. Rab1 Rc8 30. Rb3 Nd6 31. Rcb1 Nc4 32. Rb8 Rxb8 33. Rxb8+ Kh7 34. Bxc4 dxc4 35. Rb6 Rc7 36. Rxe6 1-0

[Event "Kragero Resort B 2020"]
[Site "Kragero"]
[Date "2020.02.19"]
[Round "1.11"]
[White "Bronmo, Askild Skovgaard"]
[Black "Strand, Amund Pihl"]
[Result "0-1"]
[ECO "D58"]
[WhiteElo "1500"]
[BlackElo "1806"]
[Annotator "NA"]
[PlyCount "64"]
[EventDate "2020.02.19"]
[EventType "swiss"]
[EventCountry "NOR"]
[SourceTitle "playchess.com"]
[Source "ChessBase"]
[SourceQuality "1"]
[TimeControl "5400+30"]

1. d4 d5 2. c4 e6 3. Nc3 Be7 4. Nf3 Nf6 5. Bg5 O-O 6. e3 h6 7. Bh4 b6 8. cxd5 exd5 9. Bd3 Bb7 10. O-O Ne4 11. Bxe7 Qxe7 12. Qc2 Nd7 13. Rac1 Rfc8 14. Qb3 Ndf6 15. Rfd1 c5 16. Bxe4 dxe4 17. Ne5 cxd4 18. exd4 Rd8 19. h3 Rac8 20. Nb5 a6 21. Rxc8 Rxc8 22. Nd6 Rc7 23. Qxb6 Nd5 24. Qa7 Qxd6 25. Qb8+ Qf8 26. Qxf8+ Kxf8 27. Re1 Nb4 28. a3 Nd3 29. Nxd3 exd3 30. Rd1 Be4 31. f3 Bh7 32. Rd2 Rc2 0-1

[Event "Kragero Resort B 2020"]
[Site "Kragero"]
[Date "2020.02.19"]
[Round "1.12"]
[White "Skogli, Paal"]
[Black "Myagmarsuren, Evsuld"]
[Result "0-1"]
[ECO "B21"]
[WhiteElo "1801"]
[BlackElo "1497"]
[Annotator "NA"]
[PlyCount "74"]
[EventDate "2020.02.19"]
[EventType "swiss"]
[EventCountry "NOR"]
[SourceTitle "playchess.com"]
[Source "ChessBase"]
[SourceQuality "1"]
[TimeControl "5400+30"]

1. e4 c5 2. d4 cxd4 3. c3 dxc3 4. Nxc3 e6 5. Nf3 Bc5 6. Bc4 d6 7. O-O Nd7 8. Qe2 Qc7 9. Bf4 a6 10. Rac1 Ne7 11. Rfd1 b5 12. Bxb5 axb5 13. Nxb5 Qb6 14. Nxd6+ Bxd6 15. Bxd6 Qa6 16. Qd2 Ra7 17. Bxe7 Kxe7 18. Qg5+ Ke8 19. Qxg7 Rf8 20. Rd6 Qxd6 21. Rxc8+ Ke7 22. Rc1 Qf4 23. Rd1 Nf6 24. e5 Ne4 25. Qxh7 Rxa2 26. Re1 Ng5 27. Nxg5 Qxg5 28. Qb1 Rfa8 29. Qd1 Kf8 30. f4 Qxf4 31. Qd6+ Kg8 32. g3 Qf3 33. Qe7 Rxb2 34. Qg5+ Kf8 35. Qh6+ Ke8 36. Qh8+ Kd7 37. Rd1+ Qxd1# 0-1

[Event "Kragero Resort B 2020"]
[Site "Kragero"]
[Date "2020.02.19"]
[Round "2.1"]
[White "Lystad, Maximilian L"]
[Black "Olsen, William Alexander"]
[Result "1-0"]
[ECO "A23"]
[WhiteElo "1710"]
[BlackElo "1862"]
[Annotator "NA RC"]
[PlyCount "115"]
[EventDate "2020.02.19"]
[EventType "swiss"]
[EventCountry "NOR"]
[SourceTitle "playchess.com"]
[Source "ChessBase"]
[SourceQuality "1"]
[TimeControl "5400+30"]

1. c4 e5 2. g3 Nf6 3. Bg2 Bc5 4. Nc3 c6 5. d3 d5 6. Nf3 {[%emt 0:01:38] A23: English Opening: 1...e5 2 Nc3 Nf6 3 g3 c6.} dxc4 {[%emt 0:02:54] [#]} 7. Nxe5 $146 ({Predecessor:} 7. dxc4 Qxd1+ 8. Nxd1 Bb4+ 9. Bd2 Bxd2+ 10. Kxd2 Nbd7 11. Nc3 O-O 12. h3 Re8 13. Ke3 {½-½ (42) Popchev,M (2444)-Plenkovic,Z (2354) Zagreb 2009}) 7... Bxf2+ 8. Kxf2 Qd4+ 9. e3 Qxe5 10. d4 Qe7 11. h3 Na6 12. Qe2 {[%emt 0:03:04] [#]} Be6 $1 13. b3 cxb3 14. axb3 Nd5 (14... O-O $17 15. Ba3 Nb4) 15. Nxd5 cxd5 (15... Bxd5 $15 {stays ahead.} 16. Bxd5 cxd5) 16. Qb5+ ({Better is} 16. Ba3 $14 Qf6+ 17. Kg1) 16... Qd7 17. Qxd7+ Kxd7 18. Ba3 Rhc8 19. Rhc1 f5 20. Bc5 Nxc5 21. Rxc5 Kd6 (21... Rxc5 $17 22. dxc5 a5) 22. Raa5 Rxc5 23. dxc5+ Kc7 24. b4 a6 25. Ke2 Rd8 26. Kd3 $1 Bd7 27. Kd4 Bc6 28. Ra2 Kd7 29. Ke5 Re8+ 30. Kf4 (30. Kd4 $11 {remains equal.}) 30... Ke6 31. h4 Kf6 32. Rd2 Re5 33. Rd4 g6 34. Kf3 h6 35. Kf2 g5 36. Bf3 Ke6 37. g4 gxh4 38. gxf5+ Rxf5 39. Rxh4 d4 40. e4 Rf6 41. Ke2 Bb5+ 42. Kf2 d3 43. Ke3 Rxf3+ 44. Kxf3 d2 45. Rxh6+ Ke5 46. Rd6 Bc6 47. Rxd2 Bxe4+ 48. Ke3 Bc6 49. Rd6 Bh1 50. Kd3 Bg2 $2 (50... Bd5 51. Rh6 Bc6) 51. Kc3 Bf1 52. Kb3 Bb5 53. Rb6 Kd5 54. Rxb7 Kc6 55. Rb6+ Kd5 56. Rd6+ Ke5 57. Ka3 Bc4 58. Ka4 {[%emt 0:00:40] Kd5} 1-0

[Event "Kragero Resort B 2020"]
[Site "Kragero"]
[Date "2020.02.19"]
[Round "2.2"]
[White "Skaslien, Ingrid"]
[Black "Shehzad, Alisha"]
[Result "1-0"]
[ECO "E48"]
[WhiteElo "1847"]
[BlackElo "1705"]
[Annotator "NA RC"]
[PlyCount "51"]
[EventDate "2020.02.19"]
[EventType "swiss"]
[EventCountry "NOR"]
[SourceTitle "playchess.com"]
[Source "ChessBase"]
[SourceQuality "1"]
[TimeControl "5400+30"]

1. d4 Nf6 2. c4 e6 3. Nc3 Bb4 4. e3 O-O 5. Bd3 d5 6. cxd5 exd5 7. Bd2 {[%emt 0:01:11] E48: Nimzo-Indian: Rubinstein: 5 Bd3 d5 including 6 Ne2, but excluding 6 a3.} c6 8. Nge2 Bg4 {[%emt 0:08:09] [#]} 9. f3 $146 ({Predecessor:} 9. e4 Bxe2 10. Qxe2 Bxc3 11. Bxc3 dxe4 12. Bxe4 Nxe4 13. Qxe4 Re8 14. Qe5 Rxe5+ 15. dxe5 {1-0 (29) Holmquist,M (572)-Nistri,P (899) LSS email 2011}) 9... Be6 10. O-O Nbd7 11. a3 Be7 12. e4 c5 (12... dxe4 $11 {keeps the balance.} 13. fxe4 Nb6) 13. e5 Ne8 14. Be3 cxd4 15. Bxd4 Bc5 16. f4 f5 (16... g6 $16 {is a better defense.}) 17. b4 Bxd4+ 18. Nxd4 Qb6 $2 (18... Nc7 {was necessary.} 19. Rf2 Qe8) 19. Nce2 $2 (19. Bc2 $18 {has better winning chances.} Bf7 20. Bxf5) 19... Nc7 (19... g6 {was necessary.} 20. Qc2 Ng7) 20. Kh1 a5 21. Rc1 Rae8 22. Qa4 Na6 (22... axb4 $142 23. Nxe6 Nxe6 24. Qxd7 Rd8) 23. Nxe6 Qxe6 24. Qxa5 Ra8 25. Nd4 Qe7 26. Qxd5+ $18 1-0

[Event "Kragero Resort B 2020"]
[Site "Kragero"]
[Date "2020.02.19"]
[Round "2.3"]
[White "Johannessen, Martin T."]
[Black "Leonhardsen, Vebjorn Maanum"]
[Result "0-1"]
[ECO "D00"]
[WhiteElo "1663"]
[BlackElo "1845"]
[Annotator "NA RC"]
[PlyCount "90"]
[EventDate "2020.02.19"]
[EventType "swiss"]
[EventCountry "NOR"]
[SourceTitle "playchess.com"]
[Source "ChessBase"]
[SourceQuality "1"]
[TimeControl "5400+30"]

1. d4 d5 2. Nc3 Nf6 3. Bf4 c5 4. e3 e6 5. Nb5 Na6 6. Nf3 {[%emt 0:02:39] D00: 1 d4 d5: Unusual lines.} Be7 7. c3 O-O 8. Ne5 Bd7 {[%emt 0:03:34] [#]} 9. Nxd7 $146 ({Predecessor:} 9. a4 Bc6 10. Be2 Nd7 11. O-O Nxe5 12. Bxe5 c4 13. b3 Qd7 14. bxc4 dxc4 15. Bxc4 Bxg2 16. Bxe6 fxe6 17. Kxg2 {1-0 (64) Martinovic,S (2550)-Girya,O (2450) Tallinn 2016}) 9... Qxd7 10. a4 Rfc8 11. Bd3 Nb8 12. dxc5 Bxc5 13. Nd4 Nc6 14. Nxc6 bxc6 15. b4 Bd6 16. Bxd6 Qxd6 17. O-O a5 18. Rb1 h6 19. f4 axb4 20. cxb4 Rcb8 21. b5 $1 cxb5 22. axb5 Qb6 23. Qe2 Ra3 24. h3 (24. Ra1 $15 Rc3 25. Rfc1) 24... Ne4 25. Bxe4 Rxe3 26. Qf2 Rxe4 27. Qxb6 Rxb6 28. Rfc1 (28. f5 $17) 28... Rxf4 29. Rc8+ Kh7 30. Rc7 d4 31. Rd7 Rf5 32. Rxd4 Rfxb5 33. Rxb5 Rxb5 34. Kf2 Rb3 35. Rf4 Kg6 36. Rg4+ Kf6 37. Rf4+ Ke7 38. Rg4 g6 39. Rc4 h5 40. Rc7+ Kf6 41. Rc6 Kf5 42. Rc7 f6 43. Rc5+ e5 44. Rc6 h4 45. Rc4 e4 $19 0-1

[Event "Kragero Resort B 2020"]
[Site "Kragero"]
[Date "2020.02.19"]
[Round "2.4"]
[White "Seo, Jung Hyun"]
[Black "Berg, Thomas"]
[Result "1-0"]
[ECO "B38"]
[WhiteElo "1816"]
[BlackElo "1636"]
[Annotator "NA RC"]
[PlyCount "143"]
[EventDate "2020.02.19"]
[EventType "swiss"]
[EventCountry "NOR"]
[SourceTitle "playchess.com"]
[Source "ChessBase"]
[SourceQuality "1"]
[TimeControl "5400+30"]

1. e4 c5 2. Nf3 g6 3. d4 cxd4 4. Nxd4 Nc6 5. c4 Bg7 6. Be3 Nf6 7. Nc3 O-O 8. Be2 d6 9. f3 a6 10. Qd2 Nxd4 11. Bxd4 Bd7 12. O-O Qa5 {[%emt 0:07:42] B38: Sicilian: Maroczy Bind with 5...Bg7 and 7...0-0.} 13. Rfd1 Rfd8 {[%emt 0:14:22] [#]} 14. Kh1 $146 ({Predecessor:} 14. b4 Qh5 15. Rac1 Bh6 16. f4 Bg4 17. Bxf6 Bxe2 18. Bxe7 Bxd1 19. Bxd8 Rxd8 20. Rxd1 {1-0 (29) Kucuk,D (2066)-Demir,H (1823) Manavgat 2016}) 14... b5 15. Bxf6 Bxf6 16. Nd5 Qxd2 17. Nxf6+ Kg7 18. Rxd2 Kxf6 19. f4 bxc4 20. e5+ Kg7 21. exd6 Be6 22. d7 Rxd7 23. Rxd7 Bxd7 24. Bxc4 Rb8 25. b3 Rb6 26. h3 h5 27. Rd1 Be6 28. Rd4 Bxc4 29. Rxc4 Kf6 30. Kh2 e5 31. fxe5+ Kxe5 32. Kg3 Rd6 33. b4 f6 34. Rc5+ Ke6 35. a4 Rd4 36. b5 axb5 37. axb5 Rb4 38. Rc6+ Ke5 39. Rb6 Kf5 40. Rb8 Rb3+ 41. Kh2 Rb1 42. b6 Rb2 43. b7 Rb1 44. Kg3 Rb3+ 45. Kf2 Rb2+ 46. Ke3 Rb3+ 47. Kd4 Rb4+ 48. Kc5 Rb1 49. Kd6 Rd1+ 50. Ke7 Re1+ 51. Kf7 Rb1 52. Kg7 Rb2 53. Kh6 Rb1 54. g3 Rb3 55. Rg8 Rxb7 56. Rxg6 Rb8 (56... h4 $1 $11) 57. Kxh5 Rh8+ 58. Rh6 Rg8 59. g4+ Ke5 {[%emt 0:00:24] [#]} 60. h4 $2 ({White must play} 60. Rh7 $1 $18) 60... Rg7 $2 {[%emt 0:01:25] [#]} (60... Rf8 $11) 61. g5 $1 fxg5 62. hxg5 Rb7 63. Rf6 Rb1 64. Rf2 Rh1+ 65. Kg6 Rg1 66. Kh6 Ke6 67. g6 Rh1+ 68. Kg7 Rg1 69. Kh7 Rh1+ 70. Kg8 Rg1 71. g7 Rb1 72. Rh2 1-0

[Event "Kragero Resort B 2020"]
[Site "Kragero"]
[Date "2020.02.19"]
[Round "2.5"]
[White "Ostensen, Nicolai Maxime"]
[Black "Westrum, Kim Roger Hansen"]
[Result "0-1"]
[ECO "A01"]
[WhiteElo "1658"]
[BlackElo "1809"]
[Annotator "NA RC"]
[PlyCount "76"]
[EventDate "2020.02.19"]
[EventType "swiss"]
[EventCountry "NOR"]
[SourceTitle "playchess.com"]
[Source "ChessBase"]
[SourceQuality "1"]
[TimeControl "5400+30"]

1. g3 f5 2. b3 Nf6 3. Bb2 d6 4. Bg2 e5 5. d4 e4 6. e3 {[%emt 0:00:58] A01: Nimzowitsch-Larsen Opening.} d5 7. Ne2 Bd6 8. c4 c6 9. Nbc3 {[%emt 0:01:24] [#]} Be6 $146 ({Predecessor:} 9... Na6 10. a3 Nc7 11. cxd5 Ncxd5 12. Nxd5 Nxd5 13. Nc3 O-O 14. O-O Be6 15. Qc2 Qe7 {0-1 (39) Wittke,M (2220)-Jaehnisch,F Germany 1993}) 10. c5 Bc7 11. b4 O-O 12. O-O g5 13. b5 Qe8 14. Qb3 f4 (14... Rf7 $11) 15. exf4 gxf4 16. bxc6 Nxc6 {[%emt 0:01:56] [#]} 17. Nb5 $1 ({But not} 17. Qxb7 $2 Ba5 $19) ({Of course not} 17. gxf4 $6 Na5 $15) 17... Bb8 18. Nxf4 ({Much weaker is} 18. gxf4 Na5 $11) 18... Bxf4 19. gxf4 Na5 20. Qg3+ Kh8 {[%emt 0:00:35] [#]} 21. Nc7 (21. Nd6 $1 $16 Qe7 22. Kh1) 21... Qc8 22. f5 (22. Nxa8 $18 Qxa8 23. Qh4) 22... Bxf5 23. Kh1 (23. Nxa8 $16 Qxa8 24. Qf4) 23... Nc4 24. Nxa8 Nxb2 25. Nc7 a6 $2 {[%emt 0:03:01] [#]} (25... Qd7 $1 $11) 26. Rab1 (26. Nxd5 $1 $18 {[%mdl 512] is more deadly.} Nxd5 27. Qb3 {[%mdl 64] Double Attack}) 26... Nd3 ({Black should play} 26... Nc4 $1 $14) 27. Qd6 Ng4 28. Nxd5 Rd8 29. Nb6 Rxd6 30. Nxc8 Rh6 31. h3 (31. Rxb7 {gets mated.} Rxh2+ 32. Kg1 Nf4 33. Rxh7+ Bxh7 34. Rd1 Rxg2+ {[%mdl 64] Double Attack} 35. Kf1 Rxf2+ {[%mdl 64] Double Attack} 36. Kg1 Ne2+ 37. Kh1 Rh2#) (31. h4 $11 Rxh4+ 32. Kg1) 31... Bxc8 32. Bxe4 (32. c6 $15 b5 33. Kg1) 32... Rxh3+ $2 ({Black should try} 32... Ngxf2+ $19 33. Kg1 Nxh3+ 34. Kg2 Nhf4+ 35. Kg1 Ne2+ {[%mdl 64] Double Attack} 36. Kg2 Nef4+ 37. Kg1 Ne2+ {[%mdl 64] Double Attack} 38. Kg2 Bh3+ {[%mdl 64] Skewer} 39. Kf3 Bxf1 40. Rxf1 Nxd4+ 41. Ke3 Nxc5 42. Kxd4 Nxe4 43. Kxe4 Kg7) 33. Kg1 Nf4 34. Rfe1 (34. Bxb7 {leads to mate.} Rh2 35. Rfc1 Bxb7 36. c6 Rg2+ 37. Kf1 Rxf2+ {[%mdl 64] Double Attack} 38. Kg1 {[#]} Ne2+ $1 {[%mdl 576] Double Attack} 39. Kh1 Rh2#) 34... Rh2 35. Rb2 $11 Bd7 36. Bf3 Nh3+ 37. Kf1 Bb5+ 38. Rxb5 Rxf2# 0-1